 Dungeon Crawl Stone Soup version 0.31-a0-1057-g70f3316b05 (webtiles) character file.

Game seed: 1182282453652191008

34244 Conn the Scholar (level 13, -37/84 HPs)
             Began as an Octopode Fire Elementalist on Nov 20, 2023.
             Was an Elder of Sif Muna.
             Killed by an exploding wolf (41 damage)
             ... ignited by their inner flame
             ... on level 4 of the Lair of Beasts.
             The game lasted 00:57:57 (18561 turns).

Conn the Scholar (Octopode Fire Elementalist)      Turns: 18561, Time: 00:57:57

Health: -37/84     AC:  1    Str:  7    XL:     13   Next: 76%
Magic:  0/25       EV: 15    Int: 29    God:    Sif Muna [****..]
Gold:   685        SH:  6    Dex: 12    Spells: 9/29 levels left

rFire   . . .        C - +5 trident of Tension {flame, rElec rC+ Stlth+}
rCold   + . .        a - +1 buckler
rNeg    . . .        (helmet restricted)
rPois   +            c - amulet of guardian spirit
rElec   +            r - +6 ring of intelligence
rCorr   .            k - ring of poison resistance
SInv    .            (no ring)
Will    .....        (no ring)
Stlth   +++++        (no ring)
HPRegen 0.34/turn    (no ring)
MPRegen 0.19/turn    (no ring)
                     (no ring)

%: guardian spirit
@: no status effects
A: almost no armour, amphibious, 8 rings, camouflage 1, gelatinous body 1,
(nimble swimmer 1), tentacles, wild magic 1
a: Renounce Religion, Channel Magic, Forget Spell, Divine Exegesis


You were on level 4 of the Lair of Beasts.
You worshipped Sif Muna.
Sif Muna was greatly pleased with you.
You visited 3 branches of the dungeon, and saw 14 of its levels.

You collected 955 gold pieces.
You spent 270 gold pieces at shops.

Inventory:

Hand Weapons
 e - a +5 battleaxe of flaming
 f - a +1 flail of protection
 C - the +5 trident of Tension (weapon) {flame, rElec rC+ Stlth+}
   (You found it on level 7 of the Dungeon)

   rC+:       It protects you from cold.
   rElec:     It insulates you from electricity.
   Stlth+:    It makes you more stealthy.
Missiles
 i - 7 curare-tipped darts (quivered)
 n - 4 throwing nets
Armour
 a - a +1 buckler (worn)
Magical Staves
 w - a staff of poison
Jewellery
 c - an amulet of guardian spirit (around mantle)
 k - a ring of poison resistance (right tentacle)
 r - a +6 ring of intelligence (left tentacle)
Wands
 u - a wand of flame (20)
 x - a wand of iceblast (4)
 y - a wand of polymorph (9)
Scrolls
 h - 3 scrolls of amnesia
 t - a scroll of blinking
 v - 2 scrolls of revelation
 G - 2 scrolls of brand weapon
 H - a scroll of teleportation
 I - a scroll of identify
Potions
 b - 2 potions of brilliance
 d - a potion of resistance
 g - 2 potions of attraction
 j - 2 potions of magic
 l - a potion of invisibility
 m - 2 potions of curing
 o - a potion of heal wounds
 p - a potion of haste
 q - a potion of mutation
 s - a potion of cancellation
 z - 3 potions of ambrosia
 A - a potion of might {unknown}
 F - 2 potions of enlightenment {unknown}
Miscellaneous
 B - a tin of tremorstones (2/2)


   Skills:
 + Level 6.3 Fighting
 - Level 4.2 Maces & Flails
 * Level 6.0 Polearms
 + Level 6.8 Dodging
 - Level 7.0 Stealth
 * Level 6.1 Shields
 * Level 8.7 Spellcasting
 * Level 9.3 Conjurations
 - Level 5.0 Hexes
 - Level 5.0 Translocations
 + Level 6.9 Fire Magic
 + Level 3.9 Ice Magic
 * Level 9.4 Invocations


You had 9 spell levels left.
You knew the following spells:

 Your Spells              Type           Power      Damage    Failure   Level
a - Foxfire               Conj/Fire      100%       2x1d9     1%          1
b - Scorch                Fire           100%       2d9       1%          2
c - Inner Flame           Hex/Fire       57%        N/A       3%          3
d - Flame Wave            Conj/Fire      67%        2d15      4%          4
e - Blink                 Tloc           100%       N/A       2%          2
f - Hailstorm             Conj/Ice       60%        3d13      2%          3
g - Iskenderun's Battles  Conj           72%        2d12      7%          5

Your spell library contained the following spells:

 Spells                   Type           Power      Damage    Failure   Level
 Kiss of Death            Conj/Necr      100%       2d13      1%          1
 Momentum Strike          Conj/Tloc      100%       3d10      1%          2
 Freeze                   Ice            100%       1d10      2%          1
 Lesser Beckoning         Tloc           100%       N/A       2%          2
 Volatile Blastmotes      Fire/Tloc      100%       2d18      3%          3
 Confusing Touch          Hex            52%        N/A       4%          3
 Gell's Gravitas          Tloc           52%        N/A       4%          3
 Teleport Other           Tloc           52%        N/A       4%          3
 Frozen Ramparts          Ice            92%        1d14      6%          3
 Leda's Liquefaction      Hex/Erth       17%        N/A       30%         4
 Dispel Undead            Necr           16%        3d10      63%         4
 Dispersal                Tloc           26%        N/A       83%         6
 Bombard                  Conj/Erth      25%        9d5       87%         6
 Lee's Rapid Deconstruct  Erth           8%         3d7*      91%         5
 Malign Gateway           Summ/Tloc      17%        N/A       100%        7
 Spellforged Servitor     Conj/Summ      25%        N/A       100%        7
 Summon Horrible Things   Summ           8%         N/A       100%        8


Dungeon Overview and Level Annotations

Branches:
Dungeon (9/15)             Temple (1/1) D:4            Lair (4/5) D:9
 Shoals (0/4) Lair:2       Spider (0/4) Lair:3
  Slime: Lair:4-5       Orc: D:9-12

Altars:
Ashenzari
Cheibriados
Dithmenos
Elyvilon
Fedhas
Gozag
Hepliaklqana
Kikubaaqudgha
Makhleb
Nemelex Xobeh
Okawaru
Qazlal
Ru
Sif Muna
Trog
Uskayaw
Vehumet
Wu Jian
Xom
Yredelemnul
Zin
The Shining One

Shops:
D:3 :   D:4 =?:*?

Annotations:
Lair:3 paps's ghost, journeyman DsGl


Innate Abilities, Weirdness & Mutations

You cannot wear most types of armour.
You are amphibious.
You can wear up to eight rings at the same time.
Your skin changes colour to match your surroundings (Stealth+).
Your rubbery body absorbs attacks. (AC +1, EV +1)
((You are camouflaged when in or above water. (Stealth+)))
You have tentacles for arms and can constrict up to eight enemies at once.
Your spells are a little harder to cast, but a little more powerful.


Message History

Sif Muna accepts your kill.
The skyshark explodes!
You hear an angry hiss.
Your Polearms skill increases to level 6!
Unknown command.
Unknown command.
Unknown command.
Casting: Flame Wave (dangerous; 4% risk of failure)
Confirm with . or Enter, or press ? or * to list all spells.
Okay, then.
Unknown command.
Unknown command.
Okay, then.
Unknown command.
Unknown command.
Okay, then.
Your battlesphere wavers and loses cohesion.
You block the wolf's attack.
Casting: Flame Wave (dangerous; 4% risk of failure)
Confirm with . or Enter, or press ? or * to list all spells.
You conjure some foxfire!
The wolf closely misses you.
The foxfire hits the cane toad.
Flame seeps out of the cane toad.
The cane toad is severely wounded.
A black mamba comes into view.
Found a stone staircase leading up.
The black mamba hisses angrily.
The foxfire hits the cane toad.
Flame seeps out of the cane toad.
The cane toad is almost dead.
The wolf attacks as it pursues you! The wolf bites you!
* * * LOW HITPOINT WARNING * * *
A black mamba comes into view.
The wolf misses you.
The cane toad is engulfed in blazing flames.
Sif Muna accepts your kill.
The cane toad explodes!
The fiery explosion engulfs the wolf!
Sif Muna accepts your kill.
The wolf explodes!
The fiery explosion engulfs you!!!
You die...

###..##.##
##........###
#.........#.#
.......°...#
..........#
...§§.§.P#
.....§○§#
...§§§§§###
!.....§.@.#
.....##....#
....# #....#
.... S...##
... ....#. ..
......##
<......
..S.....


You could see 2 black mambas.

Vanquished Creatures
  2 hydras (Lair:2)
  A boulder beetle (Lair:2)
  2 death yaks (Lair:2)
  Sonja (Lair:3)
  3 skysharks
  Amaemon (D:9)
  Pikel (D:7)
  2 black mambas
  3 elephants (Lair:2)
  An orange demon (D:9)
  3 torpor snails
  9 cane toads
  The ghost of Azuvok the Slasher, a novice FoFi (D:6)
  Psyche (D:9)
  3 rime drakes
  7 komodo dragons
  2 polar bears (Lair:2)
  A meliai (Lair:3)
  12 blink frogs
  Grinder (D:5)
  4 dream sheep
  3 wyverns
  42 yaks
  4 basilisks
  A warg (D:7)
  2 steam dragons
  The ghost of glosham the Magician, an amateur DESh of Gozag (D:7)
  An acid dragon (D:9)
  23 water moccasins
  4 black bears
  3 orc warriors
  An ogre (D:5)
  3 ice beasts
  15 wolves
  A centaur (D:9)
  2 lemures (D:7)
  A phantom (D:5)
  18 bullfrogs
  A kobold brigand (D:9)
  5 scorpions
  14 wights
  13 killer bees
  2 howler monkeys
  2 gnoll boudas
  4 hounds
  4 orc priests
  2 iguanas
  5 orc wizards
  Robin (D:2)
  17 gnolls
  10 adders
  2 shadow imps
  A white imp (D:8)
  4 ufetubi
  3 worms
  31 orcs
  4 bats
  6 endoplasms
  2 giant cockroaches (D:1)
  12 hobgoblins
  7 jackals
  8 kobolds
  4 quokkas
  12 ball pythons
  3 frilled lizards (D:1)
  13 goblins
  6 rats
384 creatures vanquished.

Vanquished Creatures (collateral kills)
  7 foxfires
7 creatures vanquished.

Vanquished Creatures (others)
  An adder (D:6)
  679 foxfires
680 creatures vanquished.

Grand Total: 1071 creatures vanquished

Notes
Turn   | Place    | Note
-------+----------+-------------------------------------------
     0 | D:1      | Conn the Octopode Fire Elementalist began the quest for the
                  | Orb.
     0 | D:1      | Reached XP level 1. HP: 11/11 MP: 3/3
   197 | D:1      | Reached XP level 2. HP: 17/17 MP: 0/5
   766 | D:1      | Reached XP level 3. HP: 21/21 MP: 1/6
   840 | D:1      | Learned a level 2 spell: Scorch
   844 | D:1      | Learned a level 3 spell: Inner Flame
   895 | D:1      | You fall into a shaft and drop 1 floor!
  1126 | D:2      | Reached XP level 4. HP: 27/27 MP: 0/7
  1469 | D:2      | Noticed Robin
  1478 | D:2      | Reached skill level 1 in Hexes
  1607 | D:2      | Killed Robin
  1614 | D:2      | Reached XP level 5. HP: 11/32 MP: 9/9
  1617 | D:2      | HP: 2/48 [goblin/+0 club[Robin] (4)]
  2552 | D:3      | Found Loadok's Book Boutique.
  2573 | D:3      | Reached skill level 1 in Fighting
  3016 | D:3      | Noticed an ice beast
  3027 | D:3      | Killed an ice beast
  3028 | D:3      | Reached skill level 1 in Maces & Flails
  3028 | D:3      | Reached XP level 6. HP: 32/38 MP: 5/10
  3452 | D:4      | Found Ufapim's Jewellery Boutique.
  3614 | D:4      | Found a staircase to the Ecumenical Temple.
  3618 | D:4      | Found Quun Pyto's Magic Scroll Boutique.
  3624 | D:4      | Reached XP level 7. HP: 43/44 MP: 7/12
  3631 | Temple   | Entered the Ecumenical Temple
  3641 | Temple   | Became a worshipper of Sif Muna the Loreminder
  3743 | D:4      | Bought a scroll of blinking for 90 gold pieces
  3743 | D:4      | Bought a scroll of blinking for 90 gold pieces
  3743 | D:4      | Bought a scroll of blinking for 90 gold pieces
  3849 | D:4      | Noticed a walking divine tome
  3851 | D:4      | Found Xaaniumn's Book Boutique.
  3853 | D:4      | Noticed a walking crystal tome
  3890 | D:4      | Learned a level 4 spell: Flame Wave
  3893 | D:4      | Learned a level 2 spell: Blink
  3934 | D:4      | Found a burning altar of Makhleb.
  3970 | D:4      | Found Wuyl Las's General Store.
  4270 | D:4      | Found Otwufofu's Magic Scroll Emporium.
  4376 | D:5      | Entered Level 5 of the Dungeon
  4535 | D:5      | Reached skill level 1 in Translocations
  4535 | D:5      | Reached skill level 1 in Invocations
  4649 | D:5      | Noticed Grinder
  4659 | D:5      | Paralysed by Grinder for 2 turns
  4660 | D:5      | Killed Grinder
  4661 | D:5      | Reached XP level 8. HP: 50/50 MP: 0/13
  4726 | D:5      | Found a blossoming altar of Fedhas.
  5207 | D:5      | Reached * piety under Sif Muna
  5259 | D:5      | Found a hide-covered altar of Uskayaw.
  5391 | D:6      | Reached skill level 5 in Stealth
  5565 | D:6      | Found a runed translucent door.
  5575 | D:6      | Noticed Azuvok's ghost (novice FoFi)
  5596 | D:6      | Killed Azuvok's ghost
  5597 | D:6      | Reached XP level 9. HP: 10/55 MP: 0/15
  6324 | D:6      | Reached skill level 5 in Conjurations
  6596 | D:7      | Found a runed translucent gate.
  6772 | D:7      | Noticed Pikel
  6780 | D:7      | Killed Pikel
  6781 | D:7      | Reached skill level 5 in Spellcasting
  6904 | D:7      | Reached ** piety under Sif Muna
  6905 | D:7      | Reached XP level 10. HP: 63/63 MP: 9/17
  6978 | D:7      | Reached skill level 5 in Hexes
  7395 | D:7      | Noticed glosham's ghost (amateur DESh)
  7396 | D:7      | Found a runed translucent gate.
  7396 | D:7      | Found a runed translucent gate.
  7397 | D:7      | Identified the +0 chain mail of Impressiveness {rF+ MP+9}
  7732 | D:8      | Reached skill level 5 in Invocations
  8101 | D:8      | Learned a level 3 spell: Hailstorm
  8179 | D:9      | Noticed Amaemon
  8179 | D:9      | Noticed an orange demon
  8243 | D:9      | Killed Amaemon
  8249 | D:9      | Killed an orange demon
  8250 | D:9      | Reached skill level 5 in Translocations
  8472 | D:9      | Reached skill level 5 in Fire Magic
  8633 | D:9      | Noticed Psyche
  8649 | D:9      | Killed Psyche
  8734 | D:9      | Found a staircase to the Lair.
  9025 | D:9      | Reached XP level 11. HP: 69/69 MP: 14/20
  9259 | D:9      | Reached *** piety under Sif Muna
  9556 | D:9      | Gained mutation: You are dopey. (Int -2) [potion of
                  | mutation]
  9556 | D:9      | Lost mutation: You are dopey. (Int -2) [potion of mutation]
  9556 | D:9      | Gained mutation: Your spells are a little harder to cast,
                  | but a little more powerful. [potion of mutation]
  9598 | D:7      | Killed glosham's ghost
  9616 | D:7      | Reached skill level 5 in Dodging
  9766 | D:7      | Identified the +5 trident of Tension {flame, rElec rC+
                  | Stlth+}
 10051 | Lair:1   | Entered Level 1 of the Lair of Beasts
 10376 | Lair:1   | Reached skill level 1 in Shields
 10842 | Lair:1   | Learned a level 5 spell: Iskenderun's Battlesphere
 10856 | Lair:1   | Reached skill level 1 in Polearms
 11800 | Lair:1   | Reached skill level 1 in Ice Magic
 12943 | Lair:2   | Reached XP level 12. HP: 69/76 MP: 17/22
 12945 | Lair:2   | Reached skill level 5 in Fighting
 12945 | Lair:2   | Reached **** piety under Sif Muna
 13235 | Lair:2   | Found a staircase to the Shoals.
 14832 | Lair:2   | Noticed a boulder beetle
 14863 | Lair:2   | Noticed a four-headed hydra
 14870 | Lair:2   | Noticed a death yak
 14871 | Lair:2   | Killed a boulder beetle
 14872 | Lair:2   | Killed a four-headed hydra
 14879 | Lair:2   | Killed a death yak
 14974 | Lair:2   | Noticed a six-headed hydra
 14977 | Lair:2   | Reached XP level 13. HP: 82/83 MP: 1/25
 15127 | Lair:2   | Reached skill level 5 in Shields
 15217 | Lair:2   | Reached skill level 5 in Polearms
 17476 | Lair:3   | Found a hole to the Spider Nest.
 17577 | Lair:3   | Noticed Sonja
 17581 | Lair:3   | Killed Sonja
 17952 | Lair:3   | Found a runed translucent door.
 17991 | Lair:3   | Reached ***** piety under Sif Muna
 18095 | Lair:3   | Noticed paps's ghost (journeyman DsGl)
 18549 | Lair:4   | HP: 1/84 [lava snake/glob of lava (16)]
 18561 | Lair:4   | HP: 4/84 [wolf (11)]
 18561 | Lair:4   | Killed by an exploding wolf... ignited by their inner flame

Illustrated notes

Levels and vault maps discovered:
D:1:      lightli_arrival_chessboard, layout_basic
D:2:      layout_basic, uniq_robin
D:3:      layout_basic, serial_shops, nicolae_shop_tiny_statue_garden
D:4:      layout_basic, mainiacjoe_overflow_alcove_1,
          minmay_temple_entry_mini_moons, serial_shops, shop,
          nicolae_take_the_stairs, shop, shop, nicolae_shop_mannequins
D:5:      nicolae_cairo_tiling_large_dashed, layout_rooms,
          nicolae_uskayaw_suspiria, mainiacjoe_overflow_catwalk,
          kennysheep_flooded_box, uniq_grinder
D:6:      layout_basic, ebering_ghost_sewer_d
D:7:      layout_loops_ring, biasface_ghost_orc_armoury, uniq_pikel
D:8:      layout_rooms
D:9:      layout_basic, lair_entry_dummy, uniq_amaemon, uniq_psyche
Temple:   hellmonk_temple_of_storms
Lair:1:   layout_layer_cave
Lair:2:   nzn_winding_woodlands_huge [nzn_winding_woodlands_5x15_lazy_stream,
          nzn_winding_woodlands_5x15_sawtooth,
          nzn_winding_woodlands_5x15_split_checker,
          nzn_winding_woodlands_5x15_zeroes, nzn_winding_woodlands_5x15_parted,
          nzn_winding_woodlands_5x15_sidewinder,
          nzn_winding_woodlands_5x15_pool, nzn_winding_woodlands_5x15_garden,
          nzn_winding_woodlands_5x15_eye, nzn_winding_woodlands_5x15_concentric,
          nzn_winding_woodlands_center_pierced_h,
          nzn_winding_woodlands_center_garden,
          nzn_winding_woodlands_15x15_thick_spiral], layout_regular_city,
          shoals_dummy_entry
Lair:3:   layout_chaotic_city, hellmonk_spider_entry_not_the_bees,
          ebering_ghost_inner_flame, lemuel_fruit_tree, uniq_sonja
Lair:4:   layout_cave_shapes, nicolae_lair_liquid_snakes, grunt_megastairs_5

Skill      XL: |  1  2  3  4  5  6  7  8  9 10 11 12 13 |
---------------+----------------------------------------+-----
Stealth        | 3 4 5 6 7 |  7.0
Conjurations   | 2 3 4 5 6 7 8 9 |  9.3
Hexes          | 1 2 4 5 |  5.0
Fighting       | 1 2 3 4 5 6 |  6.3
Spellcasting   | 3 4 5 6 7 8 |  8.7
Maces & Flails | 1 2 3 4 |  4.2
Dodging        | 3 4 5 6 |  6.8
Translocations | 1 3 4 5 |  5.0
Invocations    | 1 3 4 6 7 8 9 |  9.4
Fire Magic     | 4 5 6 |  6.9
Shields        | 3 4 6 |  6.1
Polearms       | 2 4 6 |  6.0
Ice Magic      | 1 3 |  3.9

Action                     |  1- 3 |  4- 6 |  7- 9 | 10-12 | 13-15 || total
---------------------------+-------+-------+-------+-------+-------++-------
  Melee: Unarmed           |     3 |       |       |    10 |       ||    13
         Constrict         |     5 |    15 |    25 |    19 |     2 ||    66
         Short sword       |    17 |     3 |       |       |       ||    20
         Tentacles         |     2 |    10 |    30 |    32 |     2 ||    76
         Flail             |       |    67 |   103 |    52 |       ||   222
         Punch             |       |     1 |     1 |     1 |       ||     3
         Trident           |       |       |       |    51 |    21 ||    72
  Throw: Throwing net      |       |       |     1 |     1 |       ||     2
         Dart              |       |       |       |     1 |       ||     1
   Cast: Foxfire           |    41 |    75 |    63 |   163 |    58 ||   400
         Scorch            |     2 |     1 |    15 |   118 |    53 ||   189
         Inner Flame       |       |     2 |     8 |    25 |     6 ||    41
         Flame Wave        |       |       |     3 |    26 |    27 ||    56
         Blink             |       |       |       |     9 |     7 ||    16
         Hailstorm         |       |       |       |     2 |     1 ||     3
         Iskenderun's Batt |       |       |       |     3 |     4 ||     7
 Invoke: Channel Magic     |       |       |       |     5 |     5 ||    10
  Evoke: Wand              |       |       |     2 |     4 |     3 ||     9
    Use: Potion            |       |     2 |     2 |     7 |     3 ||    14
         Scroll            |       |       |    16 |    10 |     7 ||    33
   Stab: Sleeping          |     5 |     7 |     4 |     5 |       ||    21
         Distracted        |       |       |       |     2 |       ||     2
 Armour: Skin              |     9 |    41 |    87 |   195 |    82 ||   414
  Dodge: Dodged            |    15 |    49 |   106 |   131 |    63 ||   364
  Block: Buckler           |       |       |       |    29 |    26 ||    55

Table legend: (Time is in decaauts)
 A = Elapsed time spent in this place.
 B = Non-inter-level travel time spent in this place.
 C = Inter-level travel time spent in this place.
 D = Time resting spent in this place.
 E = Time spent auto-exploring this place.
 F = Levels seen in this place.
 G = Mean time per level.
                   A        B        C        D        E       F      G
               +--------+--------+--------+--------+--------+-----+--------+
         Total |  18664 |  18226 |    438 |   2942 |  11087 |  14 | 1333.1 |
       Dungeon |  10091 |   9776 |    315 |    769 |   6383 |   9 | 1121.2 |
        Temple |     20 |     13 |      7 |      0 |      0 |   1 |   20.0 |
          Lair |   8553 |   8438 |    115 |   2173 |   4704 |   4 | 2138.2 |
               +--------+--------+--------+--------+--------+-----+--------+

Top non-repeatable levels by time:
  Lair:2: 4371 daAuts
  Lair:1: 2652 daAuts
     D:9: 1394 daAuts
  Lair:3: 1368 daAuts
     D:7: 1259 daAuts
     D:6: 1235 daAuts
     D:1: 1198 daAuts
     D:2: 1191 daAuts
     D:3: 1048 daAuts
     D:5: 998 daAuts
     D:4: 935 daAuts
     D:8: 830 daAuts
  Lair:4: 161 daAuts
  Temple: 20 daAuts
